 Dungeon Crawl Stone Soup version 0.27-a0-597-g524d869a0f (webtiles) character file.

Game seed: 12859300191797365076

215 siradein the Shield-Bearer (level 5, 0/54 HPs)
             Began as an Ogre Fighter on Mar 11, 2021.
             Slain by a worker ant (2 damage)
             ... on level 4 of the Dungeon.
             The game lasted 00:09:01 (3785 turns).

siradein the Shield-Bearer (Ogre Fighter)           Turns: 3785, Time: 00:09:01

Health: 0/54       AC:  4    Str: 20    XL:     5   Next: 92%
Magic:  5/5        EV: 12    Int:  9    God:
Gold:   199        SH:  9    Dex:  9    Spells: 4/4 levels left

rFire    . . .     SeeInvis .   a - +0 flail
rCold    . . .     Faith    +   c - +0 kite shield
rNeg     . . .     Spirit   .   b - +0 robe
rPois    .         Reflect  .   (helmet restricted)
rElec    .         Harm     .   q - +0 cloak
rCorr    .         Rampage  .   (gloves unavailable)
Will     .....                  (boots unavailable)
Stlth    +.........             m - amulet of faith
HPRegen  0.18/turn              s - +4 ring of evasion
MPRegen  0.09/turn              (no ring)

@: no status effects
A: large, unfitting armour, tough skin 1
a: no special abilities


You were on level 4 of the Dungeon.
You visited 1 branch of the dungeon, and saw 4 of its levels.

You collected 199 gold pieces.

Inventory:

Hand Weapons
 a - a +0 flail (weapon)
Armour
 b - a +0 robe (worn)
 c - a +0 kite shield (worn)
 q - a +0 cloak (worn)
Jewellery
 m - an amulet of faith (around neck)
 s - a +4 ring of evasion (right hand)
Scrolls
 e - 6 scrolls of blinking
 f - a scroll of enchant armour {unknown}
 j - 2 scrolls of identify {unknown}
 o - a scroll of fog {unknown}
 p - 2 scrolls of teleportation {unknown}
Potions
 d - 3 potions of might
 g - a potion of resistance {unknown}
 h - 4 potions of curing {unknown}
 i - a potion of haste {unknown}
 k - a potion of degeneration {unknown}
 l - 2 potions of invisibility {unknown}
 n - a potion of lignification {unknown}
 r - a potion of flight {unknown}
 t - a potion of ambrosia {unknown}


   Skills:
 - Level 4.0 Fighting
 + Level 4.0 Maces & Flails
 - Level 2.6 Dodging
 + Level 4.5 Shields


You had 4 spell levels left.
You didn't know any spells.
Your spell library contained the following spells:

 Spells                   Type           Power      Damage    Failure   Level
 Animate Skeleton         Necr           0%         N/A       71%         1
 Apportation              Tloc           0%         N/A       71%         1
 Corona                   Hex            0%         N/A       71%         1
 Summon Small Mammal      Summ           0%         N/A       71%         1


Dungeon Overview and Level Annotations

Branches:
Dungeon (4/15)
 Temple: D:4-7

Altars:
Gozag
Makhleb
Nemelex Xobeh
Qazlal


Innate Abilities, Weirdness & Mutations

You are too large for most types of armour.
You have tough skin. (AC +1)


Message History

You miss something.
A worker ant comes into view.
Something hits you.
You miss something. Something hits you.
You hear some strange, mumbled words.
Something tries to affect you, but you resist.
You closely miss something. Something hits you.
You miss something. Something hits you but does no damage.
You closely miss something. You block something's attack. Something hits you.
You closely miss something. Something hits you.
You hit something.
You hear some strange, mumbled words.
A puff of flame appears from out of thin air!
The puff of flame hits you!
You closely miss something. Something hits you.
An orc comes into view. It is wielding a +0 club.
You block something's attack.
You miss something.
You hear some strange, mumbled words.
A puff of flame appears from out of thin air!
The puff of flame misses you.
You barely miss something. Something hits you.
* * * LOW HITPOINT WARNING * * *
You hit something but do no damage. Something hits you.
* * * LOW HITPOINT WARNING * * *
You block something's attack.
The worker ant bites you but does no damage.
A puff of flame appears from out of thin air!
The puff of flame hits you!
* * * LOW HITPOINT WARNING * * *
You block the worker ant's attack. You block the worker ant's attack.
The worker ant barely misses you.
A puff of flame appears from out of thin air!
The puff of flame hits you!
* * * LOW HITPOINT WARNING * * *
You hit the worker ant.
The worker ant is moderately wounded.
The worker ant bites you.
You die...

.^..........
#...............
............ ...
..................
..#........#.(.... ..
...#......#.....
..................# .....#
#.....@....#
......##.....B....# ##
#............##...####..
#..........)...{........
#..........o##.......##
#..........#........# ###.
#........Z.........###.....
#...)..........###.#.......
##..<.......o#####Z.$......


You could see a worker ant, an orc and a worker ant zombie.

Vanquished Creatures
  A gnoll shaman (D:3)
  A bullfrog skeleton (D:3)
  6 gnolls
  3 adders
  An ooze (D:2)
  2 worms
  A dart slug (D:1)
  2 leopard geckos
  3 ball pythons
  6 bats
  5 giant cockroaches
  5 goblins
  7 hobgoblins
  2 jackals (D:2)
  8 kobolds
  5 frilled lizards
  6 rats
64 creatures vanquished.

Notes
Turn   | Place    | Note
-------+----------+-------------------------------------------
     0 | D:1      | siradein the Ogre Fighter began the quest for the Orb.
     0 | D:1      | Reached XP level 1. HP: 24/24 MP: 1/1
   377 | D:1      | Reached XP level 2. HP: 27/32 MP: 2/2
   614 | D:1      | Reached XP level 3. HP: 29/39 MP: 3/3
  1363 | D:2      | Found a stormy altar of Qazlal.
  1464 | D:2      | Reached XP level 4. HP: 35/48 MP: 4/4
  2557 | D:3      | Found a sparkling altar of Nemelex Xobeh.
  2557 | D:3      | Found an opulent altar of Gozag.
  2796 | D:3      | Reached XP level 5. HP: 24/54 MP: 5/5
  3043 | D:3      | Found a stormy altar of Qazlal.
  3232 | D:4      | Found a burning altar of Makhleb.
  3784 | D:4      | HP: 1/54 [something/puff of flame (7)]
  3785 | D:4      | Slain by a worker ant

Illustrated notes

Levels and vault maps discovered:
D:1:      dpeg_arrival_round_a, layout_rooms, grunt_decor_one_mirror
D:2:      layout_loops_cross, nicolae_qazlal_scattered_showers,
          minmay_hexomino_p4
D:3:      layout_loops_cross, grunt_temple_overflow_opulence,
          grunt_qazlal_clouds
D:4:      layout_cave_pools, bloody_makhleb

Skill      XL: |  1  2  3  4  5 |
---------------+----------------+-----
Maces & Flails | 2 3 4 |  4.0
Shields        | 3 4 |  4.5
Fighting       | |  4.0
Dodging        | |  2.6

Action                   |  1- 3 |  4- 6 || total
-------------------------+-------+-------++-------
Melee: Flail             |   122 |   160 ||   282
  Use: Scroll            |       |     1 ||     1
Armor: Robe              |    33 |    42 ||    75
Dodge: Dodged            |    50 |    64 ||   114
Block: Kite shield       |    65 |    81 ||   146

Table legend: (Time is in decaauts)
 A = Elapsed time spent in this place.
 B = Non-inter-level travel time spent in this place.
 C = Inter-level travel time spent in this place.
 D = Time resting spent in this place.
 E = Time spent auto-exploring this place.
 F = Levels seen in this place.
 G = Mean time per level.
                   A        B        C        D        E       F      G
               +--------+--------+--------+--------+--------+-----+--------+
         Total |   3917 |   3864 |     53 |    331 |   2771 |   4 |  979.2 |
       Dungeon |   3917 |   3864 |     53 |    331 |   2771 |   4 |  979.2 |
               +--------+--------+--------+--------+--------+-----+--------+

Top non-repeatable levels by time:
     D:3: 1365 daAuts
     D:2: 1189 daAuts
     D:1: 1167 daAuts
     D:4: 195 daAuts
